 Dungeon Crawl Stone Soup version 0.29-a0-304-gb34f9e1 (webtiles) character file.

Game seed: 9744226422272630681

217 Think the Cutter (level 5, -1/36 HPs)
             Began as an Octopode Fighter on Mar 25, 2022.
             Was a Priest of Vehumet.
             Slain by a kobold
             ... wielding a +0 short sword
              (5 damage)
             ... in a sewer.
             The game lasted 00:06:09 (2075 turns).

Think the Cutter (Octopode Fighter)                 Turns: 2075, Time: 00:06:10

Health: -1/36      AC:  1    Str: 16    XL:     5   Next: 94%
Magic:  1/5        EV: 13    Int: 12    God:    Vehumet [***...]
Gold:   152        SH:  4    Dex: 11    Spells: 1/4 levels left

rFire   . . .      SeeInvis .   a - +0 rapier
rCold   . . .      Faith    .   b - +0 buckler
rNeg    . . .      Spirit   .   (helmet restricted)
rPois   .          Reflect  .   (no amulet)
rElec   .          Harm     .   (no ring)
rCorr   .          Rampage  .   (no ring)
Will    .....                   (no ring)
Stlth   ++........              (no ring)
HPRegen 0.12/turn               (no ring)
MPRegen 0.09/turn               (no ring)
                                (no ring)
                                (no ring)

@: mighty
A: almost no armour, amphibious, 8 rings, camouflage 1, gelatinous body 1,
(nimble swimmer 1), tentacles
a: Renounce Religion


You were in a sewer.
You worshipped Vehumet.
Vehumet was most pleased with you.
You visited 1 branch of the dungeon, and saw 3 of its levels.
You also visited: Sewer.

You collected 152 gold pieces.

Inventory:

Hand Weapons
 a - a +0 rapier (weapon)
 j - the +5 hunting sling of a Million Mice {flame, Will- Int+4 SInv Stlth-}
   (You found it on level 2 of the Dungeon)

   Any ammunition fired from it burns those it strikes, dealing additional fire
   damage.
   Int:       It affects your intelligence (+4).
   SInv:      It lets you see invisible.
   Will:      It decreases your willpower.
   Stlth:     It makes you less stealthy.
Armour
 b - a +0 buckler (worn)
Scrolls
 c - 3 scrolls of immolation {unknown}
 e - a scroll of enchant weapon {unknown}
 h - 2 scrolls of identify {unknown}
Potions
 d - a potion of brilliance {unknown}
 f - a potion of heal wounds {unknown}
 g - 2 potions of mutation {unknown}
 i - a potion of magic {unknown}
 k - a potion of invisibility {unknown}


   Skills:
 - Level 3.0 Fighting
 + Level 5.5 Short Blades
 - Level 3.0 Dodging
 - Level 3.0 Shields
 - Level 2.0 Conjurations


You had one spell level left.
You knew the following spells:

 Your Spells              Type           Power      Damage    Failure   Level
a - Magic Dart            Conj           16%        1d3       5%          1
b - Searing Ray           Conj           8%         2d4       8%          2

Your spell library contained the following spells:

 Spells                   Type           Power      Damage    Failure   Level
 Frozen Ramparts          Ice            0%         1d2       32%         3
 Beastly Appendage        Tmut           0%         N/A       41%         1
 Wereblood                Tmut           0%         N/A       54%         2
 Spider Form              Tmut/Pois      0%         N/A       78%         3


Dungeon Overview and Level Annotations

Branches:
Dungeon (3/15)              Sewer (1/1)

Altars:
Vehumet

Shops:
D:1 (   D:2 (


Innate Abilities, Weirdness & Mutations

You cannot wear most types of armour.
You are amphibious.
You can wear up to eight rings at the same time.
Your skin changes colour to match your surroundings (Stealth+).
Your rubbery body absorbs attacks. (AC +1, EV +1)
((You are camouflaged when in or above water. (Stealth+)))
You have tentacles for arms and can constrict up to eight enemies at once.


Message History

The kobold attacks as you move away! The kobold misses you.
You feel very mighty all of a sudden. You block the kobold brigand's attack.
You are too injured to fight recklessly!
You are too injured to fight recklessly!
You puncture the kobold brigand! You grab the kobold brigand.
You squeeze the kobold brigand.
The kobold brigand is severely wounded.
You constrict the kobold brigand.
The kobold brigand hits you with a +0 whip!
* * * LOW HITPOINT WARNING * * *
You barely miss the kobold brigand.
The kobold brigand is almost dead.
You constrict the kobold brigand. You block the kobold brigand's attack.
Your magical contamination has completely faded away.
You hit the kobold brigand.
You kill the kobold brigand!
Vehumet accepts your kill.
Vehumet is now aiding your destructive spells.
You feel your power returning.
Training target 2.0 for Conjurations reached!
Your Short Blades skill increases to level 5!
Your Conjurations skill increases to level 2!
Casting: Searing Ray (safe; 8% risk of failure)
Confirm with . or Enter, or press ? or * to list all spells.
Aiming: Searing Ray (safe; 8% risk of failure)
Press: ? - help, Shift-Dir - straight line, f - kobold
Aim: a kobold, wielding a +0 short sword and quivering stones (67% to hit)
The searing ray misses the kobold. x2 (Press . to maintain the ray.)
The kobold unwields a +0 dagger.
The kobold wields a +0 hand crossbow.
The kobold shoots a bolt.
You block the bolt.
The kobold hits you with a +0 short sword.
* * * LOW HITPOINT WARNING * * *
You closely miss the kobold. Your grab misses the kobold.
You block the kobold's attack.
You closely miss the kobold. Your grab misses the kobold.
Your squeeze misses the kobold.
The kobold hits you with a +0 short sword.
You die...

#≈≈≈≈#≈#≈#≈≈≈≈≈≈≈≈≈≈≈≈≈≈≈≈≈≈
#≈≈≈#≈#≈#≈≈≈≈≈≈≈≈≈≈≈≈≈.≈≈≈.≈
#≈≈≈≈#≈#≈#≈≈≈≈≈≈≈.≈≈.≈≈.....
#≈≈≈#≈#≈#≈≈≈≈≈##.≈....##....
#≈≈#######≈..##......####...
#≈≈#..#..#≈......†.....##...
#≈≈#!....#.......†.......†..
#≈≈##.)).)K......†###....†##
#≈≈#!....#K@.....## ###..##
#≈≈#!?#..#..###### ####
#≈≈## ####### #≈≈#


You could see 2 kobolds.

Vanquished Creatures
  A kobold brigand (Sewer)
  A gnoll (D:1)
  3 river rats (Sewer)
  4 adders
  A dart slug (D:1)
  6 ball pythons
  7 endoplasms
  3 giant cockroaches
  3 goblins
  3 hobgoblins
  12 kobolds
  2 quokkas (D:1)
  4 bats
  A frilled lizard (D:2)
  29 rats
80 creatures vanquished.

Notes
Turn   | Place    | Note
-------+----------+-------------------------------------------
     0 | D:1      | Think the Octopode Fighter began the quest for the Orb.
     0 | D:1      | Reached XP level 1. HP: 16/16 MP: 1/1
    27 | D:1      | Reached XP level 2. HP: 21/21 MP: 2/2
    34 | D:1      | Found a faded altar of an unknown god.
   128 | D:1      | Found Razuonie's Weapon Emporium.
   135 | D:1      | Reached skill level 3 in Short Blades
   153 | D:1      | Prayed at the altar of an unknown god.
   153 | D:1      | Became a worshipper of Vehumet
   153 | D:1      | Reached * piety under Vehumet
   153 | D:1      | Offered knowledge of Magic Dart by Vehumet.
   156 | D:1      | Learned a level 1 spell: Magic Dart
   565 | D:1      | Reached XP level 3. HP: 26/26 MP: 3/3
   848 | D:2      | Found Boshrus's Weapon Emporium.
   927 | D:2      | Reached skill level 4 in Short Blades
  1068 | D:2      | Reached XP level 4. HP: 27/31 MP: 4/4
  1149 | D:2      | Identified the +5 hunting sling of a Million Mice {flame,
                  | Will- Int+4 SInv Stlth-}
  1287 | D:3      | Found a glowing drain.
  1291 | D:3      | Reached ** piety under Vehumet
  1291 | D:3      | Offered knowledge of Searing Ray by Vehumet.
  1297 | D:3      | Learned a level 2 spell: Searing Ray
  1304 | Sewer    | Entered a sewer
  1701 | Sewer    | Reached skill level 1 in Conjurations
  1875 | Sewer    | Reached XP level 5. HP: 36/36 MP: 5/5
  1927 | Sewer    | Offered knowledge of Frozen Ramparts by Vehumet.
  2049 | Sewer    | Noticed a kobold brigand
  2071 | Sewer    | Killed a kobold brigand
  2071 | Sewer    | Reached *** piety under Vehumet
  2072 | Sewer    | Reached skill level 5 in Short Blades
  2075 | Sewer    | Slain by a kobold

Illustrated notes

Levels and vault maps discovered:
D:1:      minmay_arrival_glassed_features, layout_basic, serial_shops, shop,
          ebering_ecumenical_altar_hall
D:2:      layout_rooms, serial_shops, shop
D:3:      layout_rooms, cheibrodos_sewer_entry_drain,
          nicolae_concentric_dashed_squares_mild, uniq_crazy_yiuf_cottage
Sewer:    sewer_minmay_treatment

Skill      XL: |  1  2  3  4  5 |
---------------+----------------+-----
Short Blades   | 3 4 5 |  5.5
Conjurations   | 1 2 |  2.0
Fighting       | |  3.0
Dodging        | |  3.0
Shields        | |  3.0

Action                   |  1- 3 |  4- 6 || total
-------------------------+-------+-------++-------
Melee: Rapier            |    64 |    88 ||   152
       Tentacles         |    11 |    19 ||    30
       Constrict         |    10 |    18 ||    28
       Punch             |     1 |       ||     1
 Cast: Magic Dart        |     3 |       ||     3
       Searing Ray       |       |     3 ||     3
  Use: Potion            |     1 |     1 ||     2
 Stab: Sleeping          |     7 |     3 ||    10
Armor: Skin              |     4 |     4 ||     8
Dodge: Dodged            |    33 |    54 ||    87
Block: Buckler           |    16 |    20 ||    36

Table legend: (Time is in decaauts)
 A = Elapsed time spent in this place.
 B = Non-inter-level travel time spent in this place.
 C = Inter-level travel time spent in this place.
 D = Time resting spent in this place.
 E = Time spent auto-exploring this place.
 F = Levels seen in this place.
 G = Mean time per level.
                   A        B        C        D        E       F      G
               +--------+--------+--------+--------+--------+-----+--------+
         Total |   2078 |   2023 |     55 |    180 |   1453 |   4 |  519.5 |
       Dungeon |   1307 |   1252 |     55 |    180 |    810 |   3 |  435.7 |
         Sewer |    771 |    771 |      0 |      0 |    643 |   1 |  771.0 |
               +--------+--------+--------+--------+--------+-----+--------+

Top non-repeatable levels by time:
     D:1: 818 daAuts
   Sewer: 771 daAuts
     D:2: 466 daAuts
     D:3: 21 daAuts
